 Dungeon Crawl Stone Soup version 0.31-a0-217-g58bb5d79cf (webtiles) character file.

Game seed: 637505630655690556

1469 qw the Cleaver (level 8, -12/51 HPs)
             Began as a Gargoyle Fighter on July 2, 2023.
             Mangled by a two-headed ogre
             ... wielding a +0 giant club
              (21 damage)
             ... on level 5 of the Dungeon.
             The game lasted 00:02:21 (5149 turns).

qw the Cleaver (Gargoyle Fighter)                   Turns: 5149, Time: 00:02:22

Health: -12/51     AC: 14    Str: 28    XL:     8   Next: 77%
Magic:  8/8        EV: 14    Int:  9    God:
Gold:   354        SH:  4    Dex:  9    Spells: 7/7 levels left

rFire   . . .        Y - +1 war axe (freeze)
rCold   + . .        c - +0 buckler
rNeg    + . .        g - +0 chain mail {rC+}
rPois   inf          (no helmet)
rElec   +            (no cloak)
rCorr   .            (no gloves)
SInv    .            (no boots)
Will    .....        (no amulet) Stlth
                     j - +5 ring of evasion
HPRegen 0.28/turn    a - +6 ring of strength
MPRegen 0.11/turn

%: no passive effects
@: no status effects
A: sickness immunity, AC +5, negative energy resistance 1, electricity
resistance, torment resistance 1, petrification resistance
a: no special abilities


You were on level 5 of the Dungeon.
You visited 2 branches of the dungeon, and saw 6 of its levels.

You collected 384 gold pieces.
You spent 30 gold pieces at shops.


Innate Abilities, Weirdness & Mutations

You are immune to sickness and miasma.
Your stone body is resilient. (AC +5)
You are immune to poison.
You resist negative energy. (rN+)
You are resistant to electric shocks. (rElec)
You are resistant to unholy torment.
You are immune to petrification.


   Skills:
 - Level 6.1 Fighting
 + Level 8.7 Axes
 - Level 3.2 Armour
 - Level 1.3 Dodging
 - Level 3.2 Shields


You had 7 spell levels left.
You didn't know any spells.
Your spell library was empty.

Inventory:

Hand Weapons
 f - a +0 flail
 Y - a +1 war axe of freezing (weapon)
Armour
 c - a +0 buckler (worn)
 g - a +0 chain mail of cold resistance (worn)
Jewellery
 a - a +6 ring of strength (right hand)
 i - a ring of protection from cold
 j - a +5 ring of evasion (left hand)
Scrolls
 h - a scroll of identify
Potions
 b - a potion of brilliance {unknown}
 d - 2 potions of might
 e - a potion of mutation {unknown}
 k - 2 potions of curing
 l - a potion of resistance {unknown}
 m - a potion of lignification {unknown}
 n - a potion of enlightenment {unknown}
 p - a potion of haste

Dungeon Overview and Level Annotations

Branches:
Dungeon (5/15)             Temple (1/1) D:5

Altars:
Ashenzari
Elyvilon
Gozag
Nemelex Xobeh
Ru
Sif Muna
Uskayaw
Vehumet
Xom
The Shining One

Shops:
D:1 (


Message History

An orc, an ufetubus, a hound, a two-headed ogre and a sleepcap come into view.
The orc shouts!
The ufetubus shouts!
The two-headed ogre shouts in stereo!
The ufetubus hits you but does no damage.
The ufetubus barely misses you.
Found a scroll of identify.
You hit the ufetubus but do no damage. You block the ufetubus's attack.
The ufetubus hits you but does no damage.
The ufetubus barely misses you.
The ufetubus hits you but does no damage.
You closely miss the ufetubus.
The ufetubus hits you but does no damage. x2
You slash the ufetubus! You freeze the ufetubus.
You kill the ufetubus!
The hound stops to sniff the ground.
The hound completely misses you.
You hit the hound. You freeze the hound.
The hound is moderately wounded.
The hound closely misses you.
You slash the two-headed ogre! You freeze the two-headed ogre.
The two-headed ogre is moderately wounded.
You slash the two-headed ogre! You freeze the two-headed ogre.
The two-headed ogre is heavily wounded.
The two-headed ogre completely misses you.
The two-headed ogre hits you but does no damage.
You hit the two-headed ogre. You freeze the two-headed ogre.
The two-headed ogre is heavily wounded.
The two-headed ogre barely misses you.
The two-headed ogre hits you with a +0 giant spiked club!!
You hit the two-headed ogre but do no damage.
The two-headed ogre is heavily wounded.
You closely miss the two-headed ogre.
The two-headed ogre is heavily wounded.
The two-headed ogre hits you with a +0 giant club.
The two-headed ogre hits you with a +0 giant spiked club!
You slash the two-headed ogre! You freeze the two-headed ogre.
The two-headed ogre is severely wounded.
The two-headed ogre barely misses you.
The two-headed ogre hits you with a +0 giant spiked club!!
You die...

...............#.#.#.# #
#.####.....####.#>....#.
.##.#(.##...##..#......#.#
...#...##.##...#.##.#..#.
#.##...#.#...##.#......#
#..##.)#.#%.##....##....
##...###...###....###...#
#........8........# #...#
###....###@..###...## #...#
#.....##fO#.#).##..# #...#
#....##.oh#.#...##.####...#
#....#...##.##...#.........
#....#?.##...##..#.........
#....####.....####.........
#..................##......
#...........#......##.#...#
##########.##########<#...#


You could see a two-headed ogre, a sleepcap, a hound and an orc.

Vanquished Creatures
  Prince Ribbit (D:5)
  Grinder (D:4)
  Sigmund (D:5)
  A water moccasin (D:5)
  2 scorpions
  A gnoll sergeant (D:4)
  A jelly (D:4)
  An orc priest (D:5)
  6 hounds (D:5)
  3 iguanas
  Jessica (D:3)
  A sleepcap (D:5)
  11 gnolls
  6 adders
  2 ufetubi
  A worm (D:4)
  4 dart slugs
  8 orcs
  10 ball pythons
  4 bats
  5 endoplasms
  3 giant cockroaches
  4 hobgoblins
  5 jackals (D:2)
  3 quokkas
  12 frilled lizards
  12 goblins
  7 kobolds
  8 rats
125 creatures vanquished.

Notes
Turn   | Place    | Note
-------+----------+-------------------------------------------
     0 | D:1      | qw the Gargoyle Fighter began the quest for the Orb.
     0 | D:1      | Reached XP level 1. HP: 14/14 MP: 1/1
     0 | D:1      | 0 ||| qw: Version: 0.3-a-40-ge99b1a8
     0 | D:1      | 0 ||| qw: Game counter: 8029
     0 | D:1      | 0 ||| qw: Melee chars always use a shield: true
     0 | D:1      | 0 ||| qw: God list: Okawaru
     0 | D:1      | 0 ||| qw: Allow faded altars: false
     0 | D:1      | 0 ||| qw: Do Orc after clearing Dungeon:15 true
     0 | D:1      | 0 ||| qw: Do second Lair branch before Depths: true
     0 | D:1      | 0 ||| qw: Lair rune preference: random
     0 | D:1      | 0 ||| qw: Goals: Normal, Zot:1-4, Slime:5, God:TSO, Crypt,
                  | Tomb, Abyss, Pan, Hells, Win
     0 | D:1      | 0 ||| PLANNING D:1-11
   124 | D:1      | Reached skill level 2 in Axes
   227 | D:1      | Reached XP level 2. HP: 19/19 MP: 2/2
   517 | D:1      | Found Ysaoraf's Weapon Shop.
   558 | D:1      | 558 ||| BUYING +0 mace (30 gold).
   558 | D:1      | Bought a +0 mace for 30 gold pieces
   558 | D:1      | 558 ||| SHOPLISTING +4 vampiric broad axe (340 gold, have
                  | 30).
   558 | D:1      | 558 ||| DROPPING +0 club.
   589 | D:1      | 589 ||| Stepping ~*~*~tactically~*~*~ (stealth).
   592 | D:1      | 592 ||| Stepping ~*~*~tactically~*~*~ (stealth).
   601 | D:1      | Reached skill level 3 in Axes
   866 | D:1      | 866 ||| UPGRADING to +6 ring of strength.
   867 | D:1      | 867 ||| READING scroll labelled LIPHUPS XEAXAUSO.
   870 | D:1      | 870 ||| READING scroll labelled KEFAANG LALUEN.
   871 | D:1      | 871 ||| READING 3 scrolls labelled COPAAMY FAODYX.
   872 | D:1      | 872 ||| READING scroll labelled FYWNYGISIH.
   873 | D:1      | 873 ||| READING 2 scrolls of identify.
   873 | D:1      | 873 ||| IDENTIFYING green potion
   968 | D:2      | Reached XP level 3. HP: 23/23 MP: 3/3
  1108 | D:2      | 1108 ||| Stepping ~*~*~tactically~*~*~ (stealth).
  1114 | D:2      | 1114 ||| Stepping ~*~*~tactically~*~*~ (stealth).
  1180 | D:2      | Reached XP level 4. HP: 26/28 MP: 4/4
  1273 | D:2      | 1273 ||| FLEEEEING.
  1492 | D:2      | 1492 ||| Stepping ~*~*~tactically~*~*~ (stealth).
  1496 | D:2      | 1496 ||| Stepping ~*~*~tactically~*~*~ (stealth).
  1500 | D:2      | 1500 ||| Stepping ~*~*~tactically~*~*~ (stealth).
  1512 | D:2      | Reached skill level 4 in Axes
  1657 | D:2      | 1657 ||| Stepping ~*~*~tactically~*~*~ (stealth).
  1658 | D:2      | 1658 ||| Stepping ~*~*~tactically~*~*~ (stealth).
  1659 | D:2      | 1659 ||| Stepping ~*~*~tactically~*~*~ (stealth).
  1673 | D:2      | 1673 ||| Stepping ~*~*~tactically~*~*~ (stealth).
  1677 | D:2      | 1677 ||| Stepping ~*~*~tactically~*~*~ (stealth).
  1707 | D:2      | 1707 ||| Stepping ~*~*~tactically~*~*~ (stealth).
  1708 | D:2      | 1708 ||| Stepping ~*~*~tactically~*~*~ (stealth).
  1909 | D:2      | 1909 ||| DROPPING ring of flight.
  1910 | D:2      | 1910 ||| READING 2 scrolls labelled HEDOEDDOINOPN.
  1911 | D:2      | 1911 ||| READING scroll labelled DOUCUNAOSOE.
  1912 | D:2      | 1912 ||| READING scroll labelled GOMUAR YHIEHA.
  1913 | D:2      | 1913 ||| DRINKING 2 white potions.
  1914 | D:2      | 1914 ||| READING 2 scrolls of identify.
  1914 | D:2      | 1914 ||| IDENTIFYING coppery potion
  1915 | D:2      | 1915 ||| DROPPING potion of invisibility.
  1916 | D:2      | 1916 ||| DROPPING scroll of fog.
  1974 | D:3      | 1974 ||| STAIRDANCE
  2069 | D:3      | Reached XP level 5. HP: 32/32 MP: 5/5
  2093 | D:3      | 2093 ||| Stepping ~*~*~tactically~*~*~ (stealth).
  2094 | D:3      | 2094 ||| Stepping ~*~*~tactically~*~*~ (stealth).
  2224 | D:3      | Reached skill level 5 in Axes
  2305 | D:3      | 2305 ||| Stepping ~*~*~tactically~*~*~ (stealth).
  2306 | D:3      | 2306 ||| DROPPING +0 mace.
  2606 | D:3      | Noticed Jessica
  2616 | D:3      | Killed Jessica
  2617 | D:3      | Reached skill level 1 in Dodging
  2617 | D:3      | Reached XP level 6. HP: 29/37 MP: 6/6
  2908 | D:3      | 2908 ||| UPGRADING to +0 chain mail of cold resistance.
  2918 | D:3      | 2918 ||| DROPPING +0 scale mail.
  2919 | D:3      | 2919 ||| UPGRADING to ring of protection from cold.
  2920 | D:3      | 2920 ||| READING scroll labelled ASOFIWEPNE.
  3077 | D:4      | 3077 ||| Stepping ~*~*~tactically~*~*~ (hiding).
  3256 | D:4      | HP: 5/38 [gnoll sergeant/+0 trident (6)]
  3257 | D:4      | 3257 ||| READING 2 scrolls of teleportation.
  3258 | D:4      | 3258 ||| DRINKING potion of heal wounds.
  3420 | D:4      | Noticed Grinder
  3421 | D:4      | 3421 ||| Stepping ~*~*~tactically~*~*~ (hiding).
  3431 | D:4      | Paralysed by Grinder for 2 turns
  3431 | D:4      | HP: 9/38 [Grinder (6)]
  3433 | D:4      | 3433 ||| READING scroll of teleportation.
  3434 | D:4      | 3434 ||| FLEEEEING.
  3436 | D:4      | 3436 ||| FLEEEEING.
  3788 | D:4      | 3788 ||| Stepping ~*~*~tactically~*~*~ (hiding).
  3790 | D:4      | Paralysed by Grinder for 3 turns
  3799 | D:4      | 3799 ||| FLEEEEING.
  3799 | D:4      | Paralysed by Grinder for 3 turns
  3812 | D:4      | 3812 ||| FLEEEEING.
  3813 | D:4      | 3813 ||| FLEEEEING.
  3814 | D:4      | 3814 ||| FLEEEEING.
  3815 | D:4      | 3815 ||| FLEEEEING.
  3816 | D:4      | 3816 ||| FLEEEEING.
  3817 | D:4      | 3817 ||| FLEEEEING.
  3818 | D:4      | 3818 ||| FLEEEEING.
  3831 | D:4      | Paralysed by Grinder for 4 turns
  3837 | D:4      | Killed Grinder
  3838 | D:4      | Reached skill level 6 in Axes
  3838 | D:4      | Reached XP level 7. HP: 38/43 MP: 7/7
  4040 | D:4      | Found a glowing golden altar of the Shining One.
  4166 | D:4      | 4166 ||| UPGRADING to +5 ring of evasion.
  4168 | D:4      | 4168 ||| UPGRADING to +6 ring of strength.
  4187 | D:5      | Entered Level 5 of the Dungeon
  4247 | D:5      | Reached skill level 7 in Axes
  4259 | D:5      | Noticed Prince Ribbit
  4260 | D:5      | 4260 ||| Stepping ~*~*~tactically~*~*~ (stealth).
  4263 | D:5      | 4263 ||| Stepping ~*~*~tactically~*~*~ (stealth).
  4279 | D:5      | Killed Prince Ribbit
  4280 | D:5      | Reached skill level 6 in Fighting
  4280 | D:5      | Reached XP level 8. HP: 24/51 MP: 8/8
  4377 | D:5      | Found a staircase to the Ecumenical Temple.
  4378 | D:5      | 4378 ||| PLANNING TEMPLE
  4378 | D:5      | 4378 ||| READING scroll labelled TOIRAXT VIMIO.
  4379 | D:5      | 4379 ||| DRINKING 2 murky grey potions.
  4389 | Temple   | Entered the Ecumenical Temple
  4486 | Temple   | 4486 ||| PLANNING D:1-11
  4636 | D:5      | Noticed Sigmund
  4637 | D:5      | 4637 ||| Stepping ~*~*~tactically~*~*~ (hiding).
  4644 | D:5      | Killed Sigmund
  4747 | D:5      | Reached skill level 8 in Axes
  4764 | D:5      | Found a radiant altar of Vehumet.
  4875 | D:5      | 4875 ||| Stepping ~*~*~tactically~*~*~ (hiding).
  5139 | D:5      | Noticed a two-headed ogre
  5148 | D:5      | HP: 8/51 [two-headed ogre/+0 giant club (15)]
  5149 | D:5      | Mangled by a two-headed ogre

Levels and vault maps discovered:
D:1:      lightli_arrival_statue_moat, layout_basic, serial_shops, shop
D:2:      kennysheep_the_goblin_king, layout_loops_corners, minmay_lizard_king
D:3:      layout_basic, serial_park_tiny_1, hangedman_feature_mirror,
          kennysheep_jessica_study
D:4:      layout_gridville, mainiacjoe_overflow_brackets, uniq_grinder
D:5:      cheibrodos_barr_body, layout_loops_cross, nicolae_vehumet_radiance,
          minmay_temple_entry_grid, uniq_sigmund, uniq_prince_ribbit1
Temple:   hellmonk_temple_beads

Skill      XL: |  1  2  3  4  5  6  7  8 |
---------------+-------------------------+-----
Axes           | 2 3 4 5 6 7 8 |  8.7
Dodging        | 1 |  1.3
Fighting       | 4 6 |  6.1
Armour         | |  3.2
Shields        | |  3.2

Action                     |  1- 3 |  4- 6 |  7- 9 || total
---------------------------+-------+-------+-------++-------
  Melee: War axe           |    90 |   156 |    74 ||   320
    Use: Scroll            |     5 |     7 |     1 ||    13
         Potion            |       |     2 |     1 ||     3
   Stab: Distracted        |       |     1 |       ||     1
 Armour: Scale mail        |    35 |    34 |       ||    69
         Chain mail        |       |    36 |    25 ||    61
  Dodge: Dodged            |    40 |    56 |    34 ||   130
  Block: Buckler           |    17 |    25 |     5 ||    47

Table legend:
 A = Non-vault XP
 B = Vault XP
 C = Vault XP percentage of total XP
 D = Non-vault monster count
 E = Vault monster count
 F = Vault count percentage of total count
                 A         B        C        D         E       F
            +---------+---------+-------+---------+---------+-------
      Total |     959 |    1140 |  54.3 |      93 |      32 |  25.6
            +---------+---------+-------+---------+---------+-------
        D:1 |      30 |       0 |   0.0 |      20 |       0 |   0.0
        D:2 |      83 |      23 |  21.7 |      26 |      16 |  38.1
        D:3 |     150 |      43 |  22.3 |      16 |       4 |  20.0
        D:4 |     299 |     267 |  47.2 |      20 |       1 |   4.8
        D:5 |     397 |     807 |  67.0 |      11 |      11 |  50.0
            +---------+---------+-------+---------+---------+-------
